AoeStats
← Tonyshark

Arabia

510858778Analyzed
3v3 RM · 6h ago on Oct 2, 2026· 25m 43s· 6 players
Game mode
Random Map
Map size
Normal (6 player)
Population
200
Speed
Normal
Resources
Standard
Victory
Conquest
Starting age
Dark Age
Ending age
Imperial Age
RankedLock teamsTeams togetherTeam positionsShared explorationLock speedFull tech treeHidden civsTurbo modeCheats
Victory
Defeat
🇪🇨 Celts · Ecuador
628
+10
🇪🇨 Vikings · Ecuador
609
+11
🇪🇨 Cumans · Ecuador
595
+12
🇮🇹 Byzantines · Italy
587
-14
🇮🇹 Bohemians · Italy
463
-10
🇮🇹 Chinese · Italy
432
-9
Tonyshark
1:47 Loom
13:38 Feudal Age
13:59 Horse Collar
14:09 Double-Bit Axe
15:42 Wheelbarrow
15:05 Gold Mining
Jokerblak3
4:18 Loom
14:57 Feudal Age
17:15 Wheelbarrow
16:39 Horse Collar
17:22 Arson
16:58 Man-at-Arms
20:49 Loom
22:24 Scale Mail Armor
23:34 Forging
23:26 Padded Archer Armor
25:09 Fletching
Avalkyr
12:10 Feudal Age
12:35 Double-Bit Axe
12:31 Horse Collar
14:45 Loom
15:37 Man-at-Arms
jose.seraquive
11:36 Feudal Age
13:07 Double-Bit Axe
15:49 Man-at-Arms
17:04 Scale Mail Armor
Zoso
11:30 Feudal Age
12:45 Double-Bit Axe
12:50 Loom
13:49 Loom
20:41 Castle Age
20:35 Gold Mining
joseph.r.gonzalez.n
10:04 Feudal Age
12:12 Double-Bit Axe
26:51 Castle Age
Connection lost

Rejoining the realm…

Still unreachable

The connection could not be restored.

Session expired

The server has moved on; the page needs a fresh start.